 Dungeon Crawl Stone Soup version 0.21.1-1-g345015f (webtiles) character file.

23 inc the Vexing (level 2, 0/11 HPs)
             Began as a Felid Enchanter on Feb 21, 2018.
             Succumbed to an adder's poison
             ... on level 2 of the Dungeon.
             The game lasted 00:01:06 (1097 turns).

inc the Vexing (Felid Enchanter)                    Turns: 1097, Time: 00:01:06

Health: 0/11       AC:  1    Str:  4    XL:     2   Next: 75%
Magic:  0/6        EV: 18    Int: 16    God:
Gold:   13         SH:  0    Dex: 16    Spells: 2/5 levels left
                                        Lives:  0   Deaths: 0

rFire    . . .     SeeInvis +     - Unarmed
rCold    . . .     Gourm    .   (shield unavailable)
rNeg     . . .     Faith    .   (armour unavailable)
rPois    .         Spirit   .   (helmet unavailable)
rElec    .         Reflect  .   (cloak unavailable)
rCorr    .         Harm     .   (gloves unavailable)
MR       .....                  (boots unavailable)
Stlth    +++.......             (no amulet)
HPRegen  0.03/turn              (no ring)
MPRegen  0.10/turn              (no ring)

@: lethally poisoned (0 -> -7), very slightly contaminated, quick
A: very small, no armour, no weapons or thrown items, stealth, claws 1, fangs 3,
see invisible, carnivore, speed 1, shaggy fur 1, slow metabolism 1, sharp paws
a: no special abilities


You were on level 2 of the Dungeon.
You were not hungry.

You visited 1 branch of the dungeon, and saw 2 of its levels.

You collected 13 gold pieces.

Inventory:

Scrolls
 c - a scroll of enchant armour {unknown}
 d - a scroll of enchant weapon {unknown}
 f - a scroll of teleportation {unknown}
 h - a scroll of random uselessness {unknown}
 i - a scroll of blinking {unknown}
 j - a scroll of remove curse {unknown}
Potions
 e - 2 potions of curing {unknown}
 g - 3 potions of heal wounds {unknown}
Books
 a - a book of Maledictions

   Spells                             Type                      Level
   a - Corona                         Hexes                        1
   b - Ensorcelled Hibernation        Hexes/Ice                    2
   c - Confuse                        Hexes                        3
   d - Tukima's Dance                 Hexes                        3
   e - Dazzling Spray                 Conjuration/Hexes            3
 k - a book of Cantrips

   Spells                             Type                      Level
   a - Confusing Touch                Hexes                        1
   b - Animate Skeleton               Necromancy                   1
   c - Summon Small Mammal            Summoning                    1
   d - Apportation                    Translocation                1
Comestibles
 b - 2 rations


   Skills:
 - Level 2.7 Dodging
 - Level 4.1 Stealth
 + Level 2.4 Unarmed Combat
 - Level 2.0 Spellcasting
 - Level 4.6 Hexes


You had 2 spell levels left.
You knew the following spells:

 Your Spells              Type           Power        Failure   Level  Hunger
a - Corona                Hex            ###....      3%          1    #......
b - Ensorcelled Hibernat  Hex/Ice        #.....       12%         2    ###....


Dungeon Overview and Level Annotations

Branches:
Dungeon (2/15)

Altars:


Innate Abilities, Weirdness & Mutations

You cannot wear armour.
You are incapable of wielding weapons or throwing items.
Your paws allow you to move quietly. (Stealth)
You have sharp claws.
You have razor-sharp teeth.
You have supernaturally acute eyesight. (SInv)
You are carnivorous and can eat meat at any time.
You cover ground quickly.
You are covered in fur. (AC +1)
You have a slow metabolism.
Your sharp claws are effective at attacking unaware monsters.


Message History

The adder bites you.
You closely miss the adder.
The adder is almost dead.
The adder bites you.
* * * LOW HITPOINT WARNING * * *
You are lethally poisoned!
The adder poisons you!
You barely miss the adder.
The adder is almost dead.
* * * LOW HITPOINT WARNING * * *
You feel sick. The adder closely misses you.
Casting: Ensorcelled Hibernation
Confirm with . or Enter, or press ? or * to list all spells.
Aiming: Ensorcelled Hibernation
Press: ? - help, Shift-Dir - straight line, f - adder
Aim: an adder (almost dead, chance to defeat MR: 50%)
You miscast Ensorcelled Hibernation.
You are very lightly contaminated with residual magic.
Nothing appears to happen.
You die...

.)...# ..##[##
#.....|. ..##..##
#......# .รท###..#
#......# ..)....###
##......# ..###....#
##..>....# .....#...##
#....>...#
####.##...##
###.#......# .#
#.###...###..@#......#
..##.
###.##..##S......# #.#
#....###.####### .#
#.......)# .#
###.S##..## #..)...)#
#....###......#
.....#..# #####..
.#S..#..#


You could see an adder.

Vanquished Creatures
  An adder (D:2)
  A dart slug (D:1)
  2 giant cockroaches
  A goblin (D:2)
  2 hobgoblins
  2 bats (D:1)
  A kobold (D:2)
  4 rats
14 creatures vanquished.

Notes
Turn   | Place    | Note
-------+----------+-------------------------------------------
     0 | D:1      | inc the Felid Enchanter began the quest for the Orb.
     0 | D:1      | Reached XP level 1. HP: 7/7 MP: 4/4
   525 | D:1      | Reached XP level 2. HP: 2/11 MP: 6/6
   809 | D:1      | Learned a level 2 spell: Ensorcelled Hibernation
  1097 | D:2      | Succumbed to an adder's poison

Skill      XL: |  1  2 |
---------------+-------+-----
Unarmed Combat | 2 |  2.4
Dodging        | |  2.7
Stealth        | |  4.1
Spellcasting   | |  2.0
Hexes          | |  4.6

Action                   || total
-------------------------++-------
Melee: Unarmed           ||    45
       Bite              ||     1
 Cast: Ensorcelled Hiber ||     3
 Stab: Sleeping          ||     7
  Eat: Chunk             ||     1
Armor: Skin              ||     5
Dodge: Dodged            ||    21
